 Dungeon Crawl Stone Soup version 0.31.0-32-g396128a36d (webtiles) character file.

Game seed: 17143040513284341205

23366 PaiMei the Merchant of Misery (level 12, -4/99 HPs)
             Began as a Demonspawn Necromancer on Apr 16, 2024.
             Was a Believer of Kikubaaqudgha.
             Slain by an eight-headed hydra (13 damage)
             ... on level 2 of the Lair of Beasts.
             The game lasted 00:23:50 (19687 turns).

PaiMei the Merchant of Misery (DsNe)               Turns: 19687, Time: 00:23:51

Health: -4/99      AC: 11    Str: 10    XL:     12   Next: 71%
Magic:  24/35      EV: 15    Int: 20    God:    Kikubaaqudgha [**....]
Gold:   823        SH:  4    Dex: 13    Spells: 18/31 levels left

rFire   . . .        d - +3 falchion of Yro Mevvo {freeze, rElec Will++}
rCold   + . .        (no shield)
rNeg    . . .        j - +2 leather armour {rC+}
rPois   .            (helmet restricted)
rElec   +            E - +0 cloak
rCorr   .            B - +0 pair of gloves
SInv    .            (no boots)
Will    ++...        (no amulet)
Stlth   ++           g - +4 ring of protection
HPRegen 0.36/turn    H - ring of magical power
MPRegen 0.24/turn

%: no passive effects
@: slowed, very slow
A: hooves 2, horns 2, spiny 2, condensation shield
a: Renounce Religion, Unearth Wretches


You were on level 2 of the Lair of Beasts.
You worshipped Kikubaaqudgha.
Kikubaaqudgha was pleased with you.
You visited 3 branches of the dungeon, and saw 14 of its levels.

You collected 823 gold pieces.

Inventory:

Hand Weapons
 d - the +3 falchion of Yro Mevvo (weapon) {freeze, rElec Will++}
   (You found it on level 5 of the Dungeon)

   rElec:     It insulates you from electricity.
   Will++:    It greatly increases your willpower.
 I - a +1 falchion of electrocution
 O - a +5 spear of venom
Missiles
 w - 3 throwing nets
 F - 41 poisoned darts (quivered)
 K - 2 silver javelins
 W - a curare-tipped dart
Armour
 j - a +2 leather armour of cold resistance (worn)
 B - a +0 pair of gloves (worn)
 E - a +0 cloak (worn)
 G - a +0 kite shield
 Q - the +0 leather armour of Dubluklosakh {rPois rF++ Int+2}
   (You found it on level 8 of the Dungeon)

   Int+2:     It affects your intelligence (+2).
   rF++:      It greatly protects you from fire.
   rPois:     It protects you from poison
Jewellery
 g - a +4 ring of protection (left hand)
 m - a ring of ice
 r - a ring of fire
 H - a ring of magical power (right hand)
Wands
 v - a wand of quicksilver (5)
 z - a wand of polymorph (7)
 J - a wand of roots (5)
 R - a wand of flame (5)
Scrolls
 a - 6 scrolls of teleportation
 e - 4 scrolls of enchant weapon
 k - 3 scrolls of torment
 n - 2 scrolls of vulnerability {unknown}
 q - 2 scrolls of immolation
 t - 2 scrolls of amnesia {unknown}
 u - 4 scrolls of poison {unknown}
 x - 3 scrolls of blinking
 y - 3 scrolls of revelation
 D - 4 scrolls of enchant armour
 L - 3 scrolls of fog
 N - a scroll of noise {unknown}
 V - 2 scrolls of brand weapon {unknown}
 X - a scroll of butterflies {unknown}
Potions
 b - 3 potions of magic
 c - 7 potions of curing
 f - 4 potions of brilliance
 h - 4 potions of lignification
 i - 4 potions of attraction
 l - 3 potions of cancellation
 o - a potion of invisibility {unknown}
 p - 3 potions of resistance {unknown}
 s - a potion of might {unknown}
 A - a potion of haste {unknown}
 C - a potion of ambrosia {unknown}
 P - a potion of berserk rage {unknown}
 T - 2 potions of mutation {unknown}
 U - 2 potions of degeneration {unknown}
 Y - 2 potions of heal wounds {unknown}


   Skills:
 + Level 10.8 Fighting
 + Level 10.2 Dodging
 - Level 2.0 Stealth
 + Level 10.3 Spellcasting
 + Level 12.6 Necromancy


You had 18 spell levels left.
You knew the following spells:

 Your Spells              Type           Power      Damage    Failure   Level
a - Necrotise             Necr           100%       1d9       1%          1
b - Vampiric Draining     Necr           57%        2d10      1%          3
c - Animate Dead          Necr           57%        N/A       1%          4
d - Curse of Agony        Necr           57%        N/A       1%          5

Your spell library contained the following spells:

 Spells                   Type           Power      Damage    Failure   Level
 Sublimation of Blood     Necr           57%        N/A       1%          2
 Fugue of the Fallen      Necr           57%        N/A       1%          3
 Martyr's Knell           Necr/Summ      35%        N/A       7%          4
 Freeze                   Ice            40%        1d6       10%         1
 Magic Dart               Conj           40%        1d5       10%         1
 Sting                    Conj/Alch      40%        1d5       10%         1
 Blink                    Tloc           20%        N/A       14%         2
 Call Imp                 Summ           20%        N/A       14%         2
 Mercury Vapours          Alch/Air       20%        N/A       14%         2
 Frozen Ramparts          Ice            20%        1d4       28%         3
 Hailstorm                Conj/Ice       10%        3d6       28%         3
 Cause Fear               Hex            5%         N/A       67%         4
 Olgreb's Toxic Radiance  Alch           10%        N/A       67%         4
 Vhi's Electric Charge    Tloc/Air       20%        N/A       67%         4
 Arcjolt                  Conj/Air       5%         1d15      95%         5
 Fireball                 Conj/Fire      5%         3d5       95%         5
 Summon Forest            Summ/Tloc      5%         N/A       95%         5
 Summon Mana Viper        Hex/Summ       10%        N/A       95%         5
 Plasma Beam              Fire/Air       5%         2x1d15    100%        6
 Summon Cactus Giant      Summ           5%         N/A       100%        6
 Dragon's Call            Summ           5%         N/A       100%        9


Dungeon Overview and Level Annotations

Branches:
Dungeon (11/15)            Temple (1/1) D:6            Lair (2/5) D:11
    Orc (0/2) D:10
  Swamp: Lair:2-3    Shoals: Lair:2-3     Snake: Lair:2-3    Spider: Lair:2-3

Altars:
Ashenzari
Cheibriados
Dithmenos
Fedhas
Gozag
Hepliaklqana
Kikubaaqudgha
Makhleb
Nemelex Xobeh
Okawaru
Qazlal
Ru
Sif Muna
Trog
Uskayaw
Vehumet
Wu Jian
Xom
Yredelemnul

Annotations:
D:5 Menkaure
D:8 1 runed translucent door, unlimited1921's ghost, journeyman GnFE


Innate Abilities, Weirdness & Mutations

You have hoof-like feet.
You have a pair of horns on your head.
You are mostly covered in sharp spines.
A meltable shield of frost defends you. (SH +4)


Message History

The eight-headed hydra is struck by your spines.
The eight-headed hydra bites you.
The eight-headed hydra closely misses you.
The eight-headed hydra misses you.
The eight-headed hydra bites you but does no damage. x2
The eight-headed hydra bites you.
The eight-headed hydra bites you but does no damage.
You block the eight-headed hydra's attack.
The yak closely misses you. The eight-headed hydra bites you! x2
The eight-headed hydra closely misses you.
The eight-headed hydra bites you but does no damage.
The eight-headed hydra bites you!
* * * LOW HITPOINT WARNING * * *
The eight-headed hydra bites you.
* * * LOW HITPOINT WARNING * * *
The eight-headed hydra closely misses you.
The eight-headed hydra bites you but does no damage.
The yak misses you. The yak is struck by your spines.
The yak barely misses you. The yak is struck by your spines.
You kill the yak!
Kikubaaqudgha accepts your kill.
Casting: Vampiric Draining (safe; 1% risk of failure)
Confirm with . or Enter, or press ? or * to list all spells.
Aiming: Vampiric Draining (safe; 1% risk of failure)
Press: ? - help, Shift-Dir - straight line, f - yak
Aim: a yak (moderately wounded)
You draw life force from the yak.
You feel life coursing into your body.
The eight-headed hydra is struck by your spines.
The eight-headed hydra closely misses you.
The eight-headed hydra barely misses you.
The eight-headed hydra bites you!
* * * LOW HITPOINT WARNING * * *
The eight-headed hydra bites you.
* * * LOW HITPOINT WARNING * * *
The eight-headed hydra bites you but does no damage.
The eight-headed hydra bites you.
* * * LOW HITPOINT WARNING * * *
The eight-headed hydra bites you!
You die...
Kikubaaqudgha rasps: "You have failed me!
Welcome... death!"

P....
♣.♣♣.♣
#P.h.. ..♣
♣.♣♣ ♣♣♣
♣♣.♣ ♣.♣♣
♣♣♣♣♣♣.♣
♣..♣♣.♣♣♣
#......#
##.DF...#
#Y@Y....#
#.w.....#
#.......#
##......#
#....<..#
##.......#
#.(.....##
#........#
#.....w...


You could see an eight-headed hydra, a torpor snail, 2 yaks and a bullfrog.

Vanquished Creatures
  3 death yaks (Lair:1)
  3 two-headed ogres
  A deep elf pyromancer (D:10)
  3 black mambas
  A kobold demonologist (D:11)
  2 unseen horrors (D:11)
  4 cane toads
  2 komodo dragons
  A troll (D:10)
  3 polar bears
  A hornet (D:7)
  Sigmund (D:3)
  3 slime creatures (D:11)
  A shadow (D:9)
  19 yaks
  2 wyverns
  A wraith (D:10)
  2 fire bats (D:11)
  A warg (D:10)
  Eustachio (D:5)
  A steam dragon (D:8)
  3 vampire mosquitoes (D:10)
  2 basilisks
  2 acid dragons
  Duvessa (D:5)
  10 water moccasins
  2 hell hounds (D:11)
  A sky beast (D:7)
  2 ice beasts
  4 orc warriors
  5 black bears
  2 centaurs (D:8)
  2 ogres
  4 boggarts (Lair:2)
  2 wolves
  2 phantoms
  7 bullfrogs
  A brain worm (D:4)
  4 kobold brigands
  A gnoll sergeant (D:8)
  A scorpion (D:6)
  Dowan (D:5)
  5 killer bees (D:8)
  2 vampire bats (D:11)
  3 howler monkeys
  3 bombardier beetles
  7 orc priests
  7 hounds
  5 jellies
  Crazy Yiuf (D:4)
  3 sleepcaps
  Jessica (D:3)
  5 iguanas
  5 orc wizards
  20 gnolls
  7 adders
  A shadow imp (D:7)
  2 ufetubi (D:6)
  2 dart slugs
  2 ribbon worms (D:3)
  37 orcs
  6 ball pythons
  13 bats
  12 endoplasms
  2 giant cockroaches
  4 goblins
  9 hobgoblins
  5 jackals (D:11)
  10 kobolds
  2 quokkas (D:3)
  4 frilled lizards
  4 rats
304 creatures vanquished.

Vanquished Creatures (collateral kills)
  3 death yaks (Lair:1)
  2 komodo dragons
  A polar bear (Lair:2)
  2 yaks (D:10)
  A wraith (D:10)
  A basilisk (Lair:1)
  A water moccasin (D:11)
  A jelly (D:11)
  An adder (D:11)
  An orc (D:9)
  2 endoplasms (D:11)
  A giant cockroach (D:3)
  A jackal (D:11)
  2 ball pythons (D:11)
20 creatures vanquished.

Vanquished Creatures (others)
  2 cane toad zombies (Lair:1)
  2 komodo dragon zombies
  A wyvern zombie (D:11)
  2 black bear zombies (D:11)
7 creatures vanquished.

Grand Total: 331 creatures vanquished

Notes
Turn   | Place    | Note
-------+----------+-------------------------------------------
     0 | D:1      | PaiMei the Demonspawn Necromancer began the quest for the
                  | Orb.
     0 | D:1      | Reached XP level 1. HP: 13/13 MP: 3/3
   241 | D:1      | Gained mutation: You are partially covered in sharp spines.
                  | [demonic ancestry]
   241 | D:1      | Reached XP level 2. HP: 16/19 MP: 0/5
  1261 | D:2      | Reached XP level 3. HP: 25/25 MP: 4/6
  1265 | D:2      | Learned a level 3 spell: Vampiric Draining
  1906 | D:2      | Reached skill level 1 in Fighting
  2325 | D:2      | Reached XP level 4. HP: 21/32 MP: 4/7
  2657 | D:3      | Reached skill level 5 in Necromancy
  2992 | D:3      | Noticed Jessica
  3296 | D:3      | Noticed Sigmund
  3434 | D:3      | Gained mutation: You are mostly covered in sharp spines.
                  | [demonic ancestry]
  3434 | D:3      | Reached XP level 5. HP: 38/38 MP: 6/9
  3500 | D:3      | Killed Jessica
  3855 | D:3      | You fall into a shaft and drop 1 floor!
  3917 | D:4      | Found an iron altar of Okawaru.
  3981 | D:4      | Discovered your monstrous ancestry.
  3981 | D:4      | Gained mutation: You have a pair of small horns on your
                  | head. [demonic ancestry]
  3981 | D:4      | Reached XP level 6. HP: 38/46 MP: 0/11
  4141 | D:4      | Found a shimmering altar of Xom.
  4351 | D:4      | Found a shimmering altar of Xom.
  4351 | D:4      | Found a shimmering altar of Xom.
  4351 | D:4      | Found a shimmering altar of Xom.
  4352 | D:4      | Found a shimmering altar of Xom.
  4710 | D:3      | Found a sacrificial altar of Ru.
  4710 | D:3      | Found a shadowy altar of Dithmenos.
  5089 | D:3      | Killed Sigmund
  5090 | D:3      | Reached skill level 6 in Necromancy
  5090 | D:3      | Gained mutation: You have large cloven feet. [demonic
                  | ancestry]
  5090 | D:3      | Reached XP level 7. HP: 52/52 MP: 7/13
  5283 | D:4      | Found a runed translucent door.
  5284 | D:4      | Noticed Crazy Yiuf
  5889 | D:4      | Killed Crazy Yiuf
  5987 | D:5      | Entered Level 5 of the Dungeon
  6226 | D:5      | Noticed Menkaure
  6773 | D:5      | Gained mutation: A meltable shield of frost defends you.
                  | (SH +4) [demonic ancestry]
  6773 | D:5      | Reached XP level 8. HP: 58/61 MP: 14/14
  6792 | D:5      | Identified the +3 falchion of Yro Mevvo {freeze, rElec
                  | Will++}
  6853 | D:5      | Noticed Dowan
  6855 | D:5      | Noticed Duvessa
  6877 | D:5      | Killed Duvessa
  6878 | D:5      | Reached skill level 7 in Necromancy
  6951 | D:5      | Killed Dowan
  7021 | D:5      | Noticed Eustachio
  7028 | D:5      | Killed Eustachio
  7029 | D:5      | Reached skill level 5 in Spellcasting
  7134 | D:5      | Reached skill level 5 in Dodging
  7205 | D:6      | Found a staircase to the Ecumenical Temple.
  7213 | Temple   | Entered the Ecumenical Temple
  7250 | D:6      | Reached skill level 5 in Fighting
  7393 | D:6      | Found a blossoming altar of Fedhas.
  7632 | D:6      | Found a snail-covered altar of Cheibriados.
  8011 | D:6      | Found a sparkling altar of Nemelex Xobeh.
  8085 | D:6      | Reached XP level 9. HP: 68/68 MP: 6/17
  8359 | D:6      | Reached skill level 8 in Necromancy
  9550 | D:7      | Found an ornate altar of the Wu Jian Council.
 10051 | D:8      | Identified the +0 leather armour of Dubluklosakh {rPois
                  | rF++ Int+2}
 10145 | D:8      | Found a hazy altar of Hepliaklqana.
 10205 | D:8      | Reached skill level 9 in Necromancy
 10327 | D:8      | Found a runed translucent door.
 10328 | D:8      | Noticed unlimited1921's ghost (journeyman GnFE)
 10407 | D:8      | Found a radiant altar of Vehumet.
 10492 | D:8      | Found a broken altar of Ashenzari.
 10844 | D:9      | Reached XP level 10. HP: 79/79 MP: 20/20
 11069 | D:9      | Learned a level 4 spell: Animate Dead
 11075 | D:9      | Learned a level 5 spell: Curse of Agony
 11797 | D:9      | Noticed a two-headed ogre
 11805 | D:9      | Killed a two-headed ogre
 12333 | D:10     | Entered Level 10 of the Dungeon
 12355 | D:10     | Reached skill level 10 in Necromancy
 12441 | D:10     | Found a staircase to the Orcish Mines.
 13006 | D:10     | Noticed a two-headed ogre
 13017 | D:10     | Killed a two-headed ogre
 13213 | D:10     | Identified the +1 leather armour of Mumblety Peg {rElec}
 13525 | D:10     | Noticed a two-headed ogre
 13533 | D:10     | Killed a two-headed ogre
 13534 | D:10     | Gained mutation: You have a pair of horns on your head.
                  | [demonic ancestry]
 13534 | D:10     | Reached XP level 11. HP: 46/87 MP: 20/23
 14104 | D:10     | Found a stormy altar of Qazlal.
 14133 | D:10     | Found an ancient bone altar of Kikubaaqudgha.
 14723 | D:10     | Noticed a deep elf pyromancer
 14729 | D:10     | Killed a deep elf pyromancer
 14915 | D:10     | Became a worshipper of Kikubaaqudgha
 15033 | D:11     | Found a staircase to the Lair.
 15176 | D:11     | Reached skill level 11 in Necromancy
 15435 | D:11     | Reached * piety under Kikubaaqudgha
 15435 | D:11     | Received a gift from Kikubaaqudgha
 16411 | D:11     | Reached ** piety under Kikubaaqudgha
 16940 | Lair:1   | Entered Level 1 of the Lair of Beasts
 16947 | Lair:1   | Gained mutation: You have hoof-like feet. [demonic
                  | ancestry]
 16947 | Lair:1   | Reached XP level 12. HP: 80/97 MP: 25/25
 17206 | Lair:1   | Noticed a death yak
 17206 | Lair:1   | Noticed a death yak
 17210 | Lair:1   | Noticed a death yak
 17213 | Lair:1   | Killed a death yak
 17213 | Lair:1   | Noticed a death yak
 17214 | Lair:1   | Reached skill level 10 in Fighting
 17214 | Lair:1   | Noticed a death yak
 17215 | Lair:1   | Noticed a death yak
 17221 | Lair:1   | Killed a death yak
 17618 | Lair:1   | Killed a death yak
 17619 | Lair:1   | Reached skill level 12 in Necromancy
 17629 | Lair:1   | Killed a death yak
 17631 | Lair:1   | Killed a death yak
 17978 | Lair:1   | Killed a death yak
 18914 | Lair:1   | Reached skill level 10 in Spellcasting
 19248 | Lair:2   | Reached skill level 10 in Dodging
 19683 | Lair:2   | Noticed an eight-headed hydra
 19687 | Lair:2   | Slain by an eight-headed hydra

Illustrated notes

Levels and vault maps discovered:
D:1:      psy_arrival_conway, layout_basic,
          hangedman_abyss_or_decor_lesser_grid, reono_crystal_passage,
          minmay_unequal
D:2:      layout_basic, hangedman_decor_growths
D:3:      layout_basic, gammafunk_temple_overflow_statue, minmay_vboxes,
          uniq_sigmund, uniq_jessica
D:4:      layout_gridville, xom_redecorated, lemuel_round_altar,
          roderic_serpentine_path, kennysheep_generic_room_2,
          uniq_crazy_yiuf_cottage
D:5:      layout_cave_pools, uniq_duvessa, uniq_menkaure, uniq_eustachio
D:6:      layout_gridville, slow_altar_2, fedhas_altar_4,
          nemelex_xobeh_ov_fountains_minmay, minmay_temple_entry_slanted,
          chequers_serial_rivers_large_b
D:7:      layout_basic, nzn_wu_jian_council_hall, kennysheep_nub
D:8:      layout_cave_pools, nicolae_vehumet_altar_sigil,
          nicolae_hepliaklqana_hazy_memory, nicolae_ashenzari_skybound,
          ebering_ghost_inner_flame
D:9:      layout_grid_maze, good_gods_temple_1
D:10:     layout_long_grid, mainiacjoe_overflow_catwalk_spiral, erik_orc_3,
          minmay_librarian
D:11:     layout_roguey, david_lair_generic, hangedman_parallel_progression
Temple:   hellmonk_temple_beads
Lair:1:   layout_concentric_octagons, infiniplex_staircase_pool_2
Lair:2:   layout_cellular_growth, minmay_swamp_entry_swarm, st_stairs_6,
          kilobyte_rumbling_trees, serial_bayou_shore_b

Skill      XL: |  1  2  3  4  5  6  7  8  9 10 11 12 |
---------------+-------------------------------------+-----
Stealth        | 2 |  2.0
Dodging        | 2 3 4 5 6 8 9 10 | 10.2
Fighting       | 1 2 3 4 5 7 8 9 10 | 10.8
Necromancy     | 5 6 7 9 10 11 12 | 12.6
Spellcasting   | 3 4 5 6 8 9 10 | 10.3

Action                     |  1- 3 |  4- 6 |  7- 9 | 10-12 || total
---------------------------+-------+-------+-------+-------++-------
  Melee: Unarmed           |    11 |       |       |       ||    11
         Dagger            |     5 |    19 |     9 |       ||    33
         Headbutt          |       |     2 |    12 |    52 ||    66
         Kick              |       |       |    16 |    84 ||   100
         Punch             |       |       |     2 |     4 ||     6
         Falchion          |       |       |    38 |   216 ||   254
   Cast: Necrotise         |    64 |   110 |    79 |    45 ||   298
         Vampiric Draining |       |     6 |    82 |   160 ||   248
         Animate Dead      |       |       |       |    10 ||    10
         Curse of Agony    |       |       |       |    13 ||    13
    Use: Scroll            |       |       |       |    13 ||    13
   Stab: Sleeping          |       |       |       |     1 ||     1
         Distracted        |       |       |       |     1 ||     1
 Armour: Robe              |    22 |    30 |    23 |       ||    75
         Skin              |       |     6 |       |       ||     6
         Leather armour    |       |       |    64 |   317 ||   381
  Dodge: Dodged            |    21 |    27 |   104 |   316 ||   468
  Block: Other             |       |       |    20 |    59 ||    79
